 Dungeon Crawl Stone Soup version 0.25-a0-447-gff83419037 (webtiles) character file.

Game seed: 7647605748205937560, levelgen mode: deterministic

62 Erk the Skirmisher (level 3, -1/33 HPs)
             Began as a Centaur Gladiator on Jan 31, 2020.
             Slain by a gnoll
             ... wielding a +0 flail
              (12 damage)
             ... on level 2 of the Dungeon.
             The game lasted 00:02:38 (922 turns).

Erk the Skirmisher (Centaur Gladiator)               Turns: 922, Time: 00:02:39

Health: -1/33      AC:  5    Str: 17    XL:     3   Next: 85%
Magic:  3/3        EV: 10    Int:  7    God:
Gold:   77         SH:  0    Dex: 10    Spells: 2/2 levels left

rFire    . . .     SeeInvis .   a - +0 flail
rCold    . . .     Gourm    .   (no shield)
rNeg     . . .     Faith    .   j - +0 robe
rPois    .         Spirit   .   c - +0 helmet
rElec    .         Reflect  .   (no cloak)
rCorr    .         Harm     .   (no gloves)
MR       .....                  (no barding)
Stlth    +.........             (no amulet)
HPRegen  0.11/turn              (no ring)
MPRegen  0.08/turn              (no ring)

@: very quick
A: large, hooves 3, deformed body, speed 2, tough skin 3
a: no special abilities


You were on level 2 of the Dungeon.
You were not hungry.

You visited 1 branch of the dungeon, and saw 2 of its levels.

You collected 77 gold pieces.

Inventory:

Hand Weapons
 a - a +0 flail (weapon)
 b - a +0 dagger of freezing
Missiles
 d - 3 throwing nets (quivered)
 k - 6 boomerangs
Armour
 c - a +0 helmet (worn)
 j - a +0 robe (worn)
Scrolls
 e - a scroll of enchant weapon {unknown}
 h - a scroll of remove curse {unknown}
 i - 3 scrolls of identify {unknown}
 m - a scroll of teleportation {unknown}
 n - a scroll of fog {unknown}
Potions
 g - a potion of brilliance {unknown}
 l - a potion of flight {unknown}
Comestibles
 f - 4 rations


   Skills:
 + Level 4.2 Fighting
 - Level 2.6 Maces & Flails
 - Level 2.1 Throwing
 - Level 2.1 Dodging


You had 2 spell levels left.
You didn't know any spells.
Your spell library was empty.

Dungeon Overview and Level Annotations

Branches:
Dungeon (2/15)

Altars:
Fedhas


Innate Abilities, Weirdness & Mutations

You have hooves in place of feet.
Armour fits poorly on your strangely shaped body.
You cover ground very quickly.
You have extremely tough skin. (AC +3)


Message History

You hit the rat.
You kill the rat!
The kobold hits you but does no damage.
You hit the kobold but do no damage. You kick the kobold.
You kill the kobold!
You sock the gnoll!
The gnoll is severely wounded.
The gnoll hits you. x2
You hit the gnoll but do no damage.
The gnoll is severely wounded.
The gnoll misses you.
You barely miss the gnoll.
The gnoll is severely wounded.
The gnoll completely misses you.
You hit the gnoll.
You kill the gnoll!
You sock the gnoll!
The gnoll is heavily wounded.
The gnoll hits you with a +0 flail. The gnoll hits you with a +0 flail!
You die...

#...# #.... ###.
#...# #..## #.
####...###...# #
##.........#..# #.
#..........#..# #.
#.....)....#..# #.
#.###...#.##..# ###
#.
#...#.##..######...#
#
#...#.##....@g†....#
##..#.##.#######?..#
##.#.##.# ...$.
#.#####.#.##.# #g..
#.........##.# #.#
.. #######.####.#
#.##... . #.# #.#
#.##..# #### ### #(#
#.# #.##..###..###..
#.# #.# #.#
..##.#..#..#


You could see a gnoll.

Vanquished Creatures
  2 gnolls (D:2)
  An adder (D:2)
  A leopard gecko (D:1)
  2 giant cockroaches
  5 goblins
  2 hobgoblins (D:1)
  6 kobolds
  A quokka (D:2)
  5 bats
  8 rats
33 creatures vanquished.

Notes
Turn   | Place    | Note
-------+----------+-------------------------------------------
     0 | D:1      | Erk the Centaur Gladiator began the quest for the Orb.
     0 | D:1      | Reached XP level 1. HP: 17/17 MP: 1/1
   184 | D:1      | Reached XP level 2. HP: 17/25 MP: 2/2
   210 | D:1      | Reached skill level 3 in Fighting
   505 | D:2      | Found a blossoming altar of Fedhas.
   624 | D:2      | Reached XP level 3. HP: 16/33 MP: 3/3
   915 | D:2      | Reached skill level 4 in Fighting
   922 | D:2      | Slain by a gnoll

Levels and vault maps discovered:
D:1:      minmay_arrival_four_houses, layout_rooms, minmay_box_of_dots
D:2:      layout_loops_ring, nicolae_ru_sacrificial_ziggurat, marbit_many_paths,
          elyvilon_altar_3

Skill      XL: |  1  2  3 |
---------------+----------+-----
Fighting       | 3 4 |  4.2
Maces & Flails | |  2.6
Throwing       | |  2.1
Dodging        | |  2.1

Action                   || total
-------------------------++-------
Melee: Flail             ||    91
       Kick              ||    12
Armor: Leather armour    ||    13
       Robe              ||    19
       Plate armour      ||     2
Dodge: Dodged            ||    54

Table legend:
 A = Non-vault XP
 B = Vault XP
 C = Vault XP percentage of total XP
 D = Non-vault monster count
 E = Vault monster count
 F = Vault count percentage of total count
                 A         B        C        D         E       F
            +---------+---------+-------+---------+---------+-------
      Total |      85 |       4 |   4.5 |      30 |       3 |   9.1
            +---------+---------+-------+---------+---------+-------
        D:1 |      25 |       2 |   7.4 |      15 |       2 |  11.8
        D:2 |      60 |       2 |   3.2 |      15 |       1 |   6.2
            +---------+---------+-------+---------+---------+-------
